 Dungeon Crawl Stone Soup version 0.28-a0-662-g1651b1f1e0 (webtiles) character file.

Game seed: 16974371395407168093

919 mordus the Shield-Bearer (level 8, -3/58 HPs)
             Began as a Formicid Fighter on Oct 14, 2021.
             Was a Follower of the Shining One.
             Slain by Pikel (5 damage)
             ... on level 6 of the Dungeon.
             The game lasted 00:14:24 (5292 turns).

mordus the Shield-Bearer (Formicid Fighter)         Turns: 5292, Time: 00:14:24

Health: -3/58      AC: 11    Str: 24    XL:     8   Next: 31%
Magic:  10/10      EV:  5    Int:  7    God:    the Shining One [*.....]
Gold:   155        SH: 13    Dex: 10    Spells: 7/7 levels left

rFire   . . .      SeeInvis +   z - +3 morningstar
rCold   . . .      Faith    .   r - +0 tower shield
rNeg    . . .      Spirit   .   q - +0 chain mail
rPois   +          Reflect  .   (helmet unavailable)
rElec   .          Harm     .   (no cloak)
rCorr   .          Rampage  .   g - +0 pair of gloves
Will    .....                   (no boots)
Stlth   ..........              (no amulet)
HPRegen 0.19/turn               l - ring of poison resistance
MPRegen 0.12/turn               (no ring)

@: glowing
A: permanent stasis, dig shafts and tunnels, antennae 3, four strong arms
a: Dig, Shaft Self, Renounce Religion


You were on level 6 of the Dungeon.
You worshipped the Shining One.
The Shining One was aware of your devotion.
You visited 1 branch of the dungeon, and saw 6 of its levels.

You collected 155 gold pieces.

Inventory:

Hand Weapons
 a - a +0 flail
 z - a +3 morningstar (weapon)
Missiles
 w - a throwing net
Armour
 g - a +0 pair of gloves (worn)
 q - a +0 chain mail (worn)
 r - a +0 tower shield (worn)
Jewellery
 l - a ring of poison resistance (left hand)
 n - a ring of ice
Scrolls
 e - 6 scrolls of identify {unknown}
 f - 2 scrolls of blinking {unknown}
 h - 2 scrolls of fog {unknown}
 k - a scroll of magic mapping {unknown}
 m - 3 scrolls of noise {unknown}
 o - a scroll of immolation {unknown}
 s - a scroll of enchant armour {unknown}
 t - 2 scrolls of fear {unknown}
 u - a scroll of enchant weapon {unknown}
 y - a scroll of torment {unknown}
Potions
 d - a potion of might
 i - a potion of invisibility
 p - a potion of attraction {unknown}
 v - a potion of mutation {unknown}
 x - a potion of lignification {unknown}


   Skills:
 - Level 3.2 Fighting
 * Level 6.2 Maces & Flails
 + Level 5.6 Armour
 + Level 6.2 Shields
 + Level 3.4 Invocations


You had 7 spell levels left.
You didn't know any spells.
Your spell library contained the following spells:

 Spells                   Type           Power      Damage    Failure   Level
 Pain                     Necr           0%         1d4       100%        1
 Inner Flame              Hex/Fire       0%         N/A       100%        3
 Cause Fear               Hex            0%         N/A       100%        4
 Agony                    Necr           0%         N/A       100%        5
 Excruciating Wounds      Necr           0%         N/A       100%        5
 Discord                  Hex            0%         N/A       100%        8


Dungeon Overview and Level Annotations

Branches:
Dungeon (6/15)
 Temple: D:4-7

Altars:
Elyvilon
Kikubaaqudgha
Ru
Sif Muna
Vehumet
The Shining One

Shops:
D:5 (=*

Annotations:
D:6 1 transporter, Pikel


Innate Abilities, Weirdness & Mutations

You cannot be hasted, slowed, berserked, paralysed or teleported.
You can dig through walls and to a lower floor.
You have a pair of large antennae on your head. (SInv)
Your four strong arms can wield two-handed weapons with a shield.


Message History

The lemure barely misses you. The lemure completely misses you.
You closely miss Pikel.
Pikel is lightly wounded.
You block the lemure's attack. The lemure hits you.
Pikel hits you with a +1 whip of flaming.
Pikel burns you. The lemure hits you but does no damage. The lemure hits you.
You block Pikel's attack. The lemure hits you!
The lemure hits you but does no damage.
You thump Pikel!
Pikel is heavily wounded.
You block the lemure's attack. The lemure hits you.
You block the lemure's attack.
Pikel hits you with a +1 whip of flaming!
* * * LOW HITPOINT WARNING * * *
Pikel burns you.
* * * LOW HITPOINT WARNING * * *
The lemure hits you but does no damage. x2
You hit Pikel but do no damage.
Pikel is heavily wounded.
The lemure hits you but does no damage. x2; The lemure hits you.
* * * LOW HITPOINT WARNING * * *
Pikel says, "Hell isn't that bad."
Pikel closely misses you. You block the lemure's attack.
The lemure barely misses you. Pikel hits you but does no damage.
The lemure hits you but does no damage. You block the lemure's attack.
You hit Pikel.
Pikel is heavily wounded.
The lemure hits you but does no damage. x2; The lemure hits you.
* * * LOW HITPOINT WARNING * * *
Pikel hits you with a +1 whip of flaming.
* * * LOW HITPOINT WARNING * * *
Pikel burns you. The Shining One protects you from harm!
You block the lemure's attack. The lemure hits you.
The Shining One protects you from harm!
You completely miss Pikel.
Pikel is heavily wounded.
The lemure barely misses you. x2; You block the lemure's attack.
Pikel hits you with a +1 whip of flaming.
You die...

... #.. #
####.. .# .
#..>.#####.#..
#.............
#.............
#...55........
#...@K........
#..5.5........
#...$..[......
#......>.....(
#.............
#.......####..
#####...# .
#..$# #####


You could see Pikel and 4 lemures.

Vanquished Creatures
  2 water moccasins
  A necrophage (D:4)
  A scorpion (D:5)
  A wyvern skeleton (D:5)
  A water moccasin skeleton (D:5)
  A wight (D:5)
  A hound (D:5)
  A centaur zombie (D:5)
  A jelly (D:5)
  A centaur skeleton (D:5)
  4 orc wizards (D:5)
  An iguana (D:4)
  A howler monkey zombie (D:5)
  3 adders
  A howler monkey skeleton (D:5)
  A shadow imp (D:5)
  An ufetubus (D:4)
  2 dart slugs
  3 worms
  19 orcs
  6 endoplasms
  6 giant cockroaches
  4 goblins
  8 hobgoblins
  A jackal (D:2)
  9 kobolds
  10 quokkas
  3 training dummies (D:5)
  2 ball pythons (D:3)
  4 bats
  3 frilled lizards
  4 rats
107 creatures vanquished.

Notes
Turn   | Place    | Note
-------+----------+-------------------------------------------
     0 | D:1      | mordus the Formicid Fighter began the quest for the Orb.
     0 | D:1      | Reached XP level 1. HP: 18/18 MP: 1/1
    88 | D:1      | Reached XP level 2. HP: 17/24 MP: 2/2
   280 | D:1      | Found a faded altar of an unknown god.
   836 | D:2      | Reached XP level 3. HP: 28/29 MP: 3/3
  1374 | D:2      | Reached XP level 4. HP: 25/35 MP: 4/4
  1872 | D:3      | Found a radiant altar of Vehumet.
  1881 | D:3      | Noticed a water moccasin
  1894 | D:3      | Killed a water moccasin
  1895 | D:3      | Reached XP level 5. HP: 13/41 MP: 5/5
  2313 | D:3      | Found a large runed translucent door.
  2314 | D:3      | Found a large runed translucent door.
  2739 | D:3      | Reached XP level 6. HP: 47/47 MP: 6/6
  3193 | D:3      | Found a white marble altar of Elyvilon.
  3203 | D:3      | Found a glowing golden altar of the Shining One.
  3308 | D:3      | Became a worshipper of the Shining One
  3332 | D:4      | Found a sacrificial altar of Ru.
  3350 | D:4      | Reached skill level 5 in Shields
  3659 | D:4      | Noticed a necrophage
  3674 | D:4      | Killed a necrophage
  3675 | D:4      | Reached skill level 1 in Invocations
  4242 | D:5      | Entered Level 5 of the Dungeon
  4281 | D:5      | Reached skill level 5 in Maces & Flails
  4281 | D:5      | Reached XP level 7. HP: 50/52 MP: 8/8
  4300 | D:5      | Reached skill level 5 in Armour
  4406 | D:5      | Identified the +5 whip of Lienudap {vamp, rF- Str+10 SInv}
  4437 | D:5      | Found Ixoxakot's Assorted Antiques.
  4476 | D:5      | Found Sailecw's Jewellery Shop.
  4485 | D:5      | Reached * piety under the Shining One
  4549 | D:5      | Found Kualemon's Firing Range.
  4793 | D:5      | Found a shimmering blue altar of Sif Muna.
  4834 | D:5      | Reached XP level 8. HP: 52/58 MP: 10/10
  5045 | D:6      | Found a transporter.
  5046 | D:6      | Found an ancient bone altar of Kikubaaqudgha.
  5275 | D:6      | Noticed Pikel
  5291 | D:6      | HP: 1/58 [Pikel (3)]
  5291 | D:6      | The Shining One protects you from harm!
  5291 | D:6      | The Shining One protects you from harm!
  5292 | D:6      | Slain by Pikel

Illustrated notes

Levels and vault maps discovered:
D:1:      minmay_arrival_doors, layout_loops_ring,
          ebering_ecumenical_altar_sacrificial
D:2:      layout_loops_ring, minmay_misc_feat_more_columns, minmay_hexomino_u4
D:3:      wad_pebble_path, layout_basic, mainiacjoe_overflow_alcove_4,
          jmf_multi_god_temple2, portal_sewer_entry_f, serial_bayou_pond_a,
          ebering_dispersal_statue_hall
D:4:      layout_gridville, mainiacjoe_overflow_boulevard, eino_tiny_chamber
D:5:      layout_loops_ring, overflow_temple_1_default, serial_shops,
          nicolae_take_the_stairs, nicolae_shop_stone, nicolae_shop_firing_range
D:6:      corexii_shantytown, layout_basic, gammafunk_temple_of_torment,
          uniq_pikel

Skill      XL: |  1  2  3  4  5  6  7  8 |
---------------+-------------------------+-----
Shields        | 4 5 6 |  6.2
Maces & Flails | 3 4 5 6 |  6.2
Armour         | 4 5 |  5.6
Invocations    | 1 2 3 |  3.4
Fighting       | |  3.2

Action                   |  1- 3 |  4- 6 |  7- 9 || total
-------------------------+-------+-------+-------++-------
Melee: Flail             |    99 |   217 |    90 ||   406
       Morningstar       |       |       |    10 ||    10
  Use: Potion            |       |       |     4 ||     4
Armor: Scale mail        |    43 |    20 |       ||    63
       Chain mail        |       |    95 |    59 ||   154
Dodge: Dodged            |    33 |    55 |    20 ||   108
Block: Buckler           |    19 |     9 |       ||    28
       Tower shield      |       |   100 |    83 ||   183

Table legend: (Time is in decaauts)
 A = Elapsed time spent in this place.
 B = Non-inter-level travel time spent in this place.
 C = Inter-level travel time spent in this place.
 D = Time resting spent in this place.
 E = Time spent auto-exploring this place.
 F = Levels seen in this place.
 G = Mean time per level.
                   A        B        C        D        E       F      G
               +--------+--------+--------+--------+--------+-----+--------+
         Total |   5455 |   5333 |    122 |    994 |   3014 |   6 |  909.2 |
       Dungeon |   5455 |   5333 |    122 |    994 |   3014 |   6 |  909.2 |
               +--------+--------+--------+--------+--------+-----+--------+

Top non-repeatable levels by time:
     D:3: 1466 daAuts
     D:2: 1101 daAuts
     D:5: 1068 daAuts
     D:4: 945 daAuts
     D:1: 843 daAuts
     D:6: 29 daAuts
